 Dungeon Crawl Stone Soup version 0.25-a0-598-gc9c9e4cfe1 (webtiles) character file.

Game seed: 11802936885673804349, levelgen mode: deterministic

548 kae the Cutter (level 7, -8/56 HPs)
             Began as a Demonspawn Monk on Mar 15, 2020.
             Mangled by a two-headed ogre
             ... wielding a +0 giant club
              (28 damage)
             ... on level 4 of the Dungeon.
             The game lasted 00:03:49 (4921 turns).

kae the Cutter (Demonspawn Monk)                    Turns: 4921, Time: 00:03:49

Health: -8/56      AC:  5    Str: 14    XL:     7   Next: 7%
Magic:  7/7        EV: 13    Int: 14    God:
Gold:   182        SH:  0    Dex: 15    Spells: 6/6 levels left

rFire    + . .     SeeInvis .   d - +0 dagger (drain)
rCold    . . .     Gourm    .   (no shield)
rNeg     . . .     Faith    .   a - +1 robe
rPois    .         Spirit   .   (no helmet)
rElec    .         Reflect  .   (no cloak)
rCorr    .         Harm     .   (no gloves)
MR       .....                  (no boots)
Stlth    +++.......             (no amulet)
HPRegen  0.18/turn              m - ring of protection from fire
MPRegen  0.10/turn              o - +3 ring of strength

@: mighty
A: claws 1, slimy green scales 1, nightstalker 1, powered by pain 1
a: no special abilities


You were on level 4 of the Dungeon.
You were not hungry.

You visited 1 branch of the dungeon, and saw 4 of its levels.

You collected 182 gold pieces.

Inventory:

Hand Weapons
 d - a +0 dagger of draining (weapon)
Armour
 a - a +1 robe (worn)
Jewellery
 j - an uncursed amulet of regeneration {unknown}
 m - a ring of protection from fire (left claw)
 n - a cursed amulet of inaccuracy
 o - a +3 ring of strength (right claw)
Scrolls
 e - a scroll of teleportation
 f - 2 scrolls of remove curse
 k - a scroll of immolation {unknown}
 p - a scroll of identify
 q - a scroll of enchant weapon {unknown}
 r - a scroll of magic mapping {unknown}
Potions
 c - a potion of lignification
 g - a potion of flight
 h - 2 potions of ambrosia
 i - a potion of haste {unknown}
 l - 2 potions of berserk rage {unknown}
Comestibles
 b - 5 rations


   Skills:
 + Level 5.2 Fighting
 * Level 5.2 Short Blades
 - Level 2.6 Dodging
 - Level 1.7 Stealth
 - Level 3.1 Unarmed Combat


You had 6 spell levels left.
You didn't know any spells.
Your spell library contained the following spells:

 Spells                   Type           Power        Failure   Level  Hunger
 Static Discharge         Conj/Air       #.......     65%         3    ####...
 Lightning Bolt           Conj/Air       #.........   100%        5    ######.
 Ignition                 Fire           #.........   100%        8    #######
 Shatter                  Erth           #.........   100%        9    #######
 Tornado                  Air            #.........   100%        9    #######


Dungeon Overview and Level Annotations

Branches:
Dungeon (4/15)
 Temple: D:4-7

Altars:
Ashenzari
Nemelex Xobeh
Okawaru
Ru
Xom

Annotations:
D:4 exclusions: ogre and two-headed ogre


Innate Abilities, Weirdness & Mutations

You have sharp fingernails.
You are partially covered in slimy green scales. (AC +2)
You are slightly more attuned to the shadows.
You sometimes gain a little power by taking damage.


Message History

Really walk into a travel-excluded area?
The helpless two-headed ogre fails to defend itself.
You impale the two-headed ogre!!
The two-headed ogre is moderately wounded.
The two-headed ogre hits you with a +0 giant club!! x2
* * * LOW HITPOINT WARNING * * *
You focus on the pain.
You feel very mighty all of a sudden.
Really walk into a travel-excluded area? [Y]es or [N]o only, please.
Really walk into a travel-excluded area?
Okay, then.
There is an escape hatch in the ceiling here.
Okay, then.
Okay, then.
There is an escape hatch in the ceiling here.
You see here a dagger.
The two-headed ogre hits you with a +0 giant club!!
Ouch! That really hurt!
You die...

.....# ### #.# #..#.# #.# #.#
#..#.## #.# #.# ......########.#
#.# ### .........<..##.# #.# #.#
#..#..#####..#'###### #.# #.#
...#..# ##.)..#...# #.######.##
#..#..# ###....#...###..........
#..#..####.....O@...'............
........##.##...#...#.#.##.###.#.
#..#..####.##....##...#.##.###.#.
#................+...............
#.##..####.#.....##.###.##.###.#.
#.##..####.#.....##.# #..........
...........#.....##.###.##.###.#.
..............................>#.
..##..####.#.#+####.#.#.##.##....


You could see a two-headed ogre.

Vanquished Creatures
  Sigmund (D:2)
  A howler monkey (D:3)
  A bullfrog skeleton (D:4)
  2 hounds (D:4)
  Jessica (D:2)
  Natasha (thrice) (D:3)
  6 adders
  An ooze (D:1)
  3 worms (D:2)
  2 dart slugs
  3 leopard geckos (D:1)
  An orc (D:4)
  A ball python (D:2)
  5 giant cockroaches
  10 goblins
  12 hobgoblins
  3 jackals (D:4)
  11 kobolds
  3 quokkas
  7 bats
  7 frilled lizards
  A quokka skeleton (D:2)
  7 rats
92 creatures vanquished.

Notes
Turn   | Place    | Note
-------+----------+-------------------------------------------
     0 | D:1      | kae the Demonspawn Monk began the quest for the Orb.
     0 | D:1      | Reached XP level 1. HP: 18/18 MP: 1/1
   284 | D:1      | Gained mutation: You are slightly more attuned to the
                  | shadows. [demonic ancestry]
   284 | D:1      | Reached XP level 2. HP: 15/24 MP: 2/2
   486 | D:1      | Reached skill level 1 in Short Blades
   697 | D:1      | Gained mutation: You are partially covered in slimy green
                  | scales. (AC +2) [demonic ancestry]
   697 | D:1      | Reached XP level 3. HP: 10/29 MP: 3/3
  1634 | D:2      | You fall into a shaft and drop 2 floors!
  1639 | D:4      | Reached XP level 4. HP: 37/37 MP: 4/4
  1642 | D:4      | Noticed a two-headed ogre
  1718 | D:2      | Noticed Jessica
  1720 | D:2      | Noticed Natasha
  1949 | D:3      | Killed Natasha
  2061 | D:2      | Killed Jessica
  2061 | D:2      | Gained mutation: You have sharp fingernails. [demonic
                  | ancestry]
  2061 | D:2      | Reached XP level 5. HP: 10/42 MP: 5/5
  2373 | D:2      | You fall into a shaft and drop 1 floor!
  2612 | D:3      | Found an iron altar of Okawaru.
  2612 | D:3      | Found a shimmering altar of Xom.
  2613 | D:3      | Found a sacrificial altar of Ru.
  2617 | D:3      | Noticed Natasha
  2631 | D:3      | Killed Natasha
  2785 | D:2      | Noticed Sigmund
  2927 | D:2      | Killed Sigmund
  2927 | D:2      | Reached XP level 6. HP: 41/50 MP: 6/6
  3202 | D:2      | Found a sparkling altar of Nemelex Xobeh.
  3203 | D:2      | Found a shattered altar of Ashenzari.
  3387 | D:3      | Noticed Natasha
  3410 | D:3      | Killed Natasha
  3410 | D:3      | Reached skill level 5 in Fighting
  3889 | D:4      | Reached skill level 5 in Short Blades
  4368 | D:4      | Gained mutation: You sometimes gain a little power by
                  | taking damage. [demonic ancestry]
  4368 | D:4      | Reached XP level 7. HP: 53/56 MP: 7/7
  4921 | D:4      | Mangled by a two-headed ogre

Levels and vault maps discovered:
D:1:      dpeg_arrival_long_road, layout_basic, minmay_tiny_reverse_x
D:2:      cheibrodos_old_hovel, layout_rooms, gammafunk_temple_overflow_pools,
          first_ration, uniq_sigmund, uniq_jessica, uniq_natasha
D:3:      layout_loops_ring, chequers_temple_overflow_statue_of_worship
D:4:      layout_basic, minmay_close_crescents

Skill      XL: |  1  2  3  4  5  6 |
---------------+-------------------+-----
Unarmed Combat | 3 |  3.1
Short Blades   | 1 2 3 4 5 |  5.2
Fighting       | 4 5 |  5.2
Dodging        | |  2.6
Stealth        | |  1.7

Action                   |  1- 3 |  4- 6 |  7- 9 || total
-------------------------+-------+-------+-------++-------
Melee: Unarmed           |    30 |       |       ||    30
       Dagger            |    75 |   203 |    37 ||   315
       Punch             |     1 |     3 |       ||     4
  Use: Scroll            |     3 |     7 |       ||    10
       Potion            |       |     1 |       ||     1
 Stab: Sleeping          |    21 |     6 |     2 ||    29
  Eat: Chunk             |     2 |     5 |     2 ||     9
       Ration            |       |     1 |       ||     1
Armor: Robe              |    10 |    41 |    10 ||    61
Dodge: Dodged            |    58 |   128 |    17 ||   203

Table legend:
 A = Non-vault XP
 B = Vault XP
 C = Vault XP percentage of total XP
 D = Non-vault monster count
 E = Vault monster count
 F = Vault count percentage of total count
                 A         B        C        D         E       F
            +---------+---------+-------+---------+---------+-------
      Total |     462 |     321 |  41.0 |      85 |       7 |   7.6
            +---------+---------+-------+---------+---------+-------
        D:1 |      54 |       3 |   5.3 |      28 |       2 |   6.7
        D:2 |      73 |     270 |  78.7 |      24 |       3 |  11.1
        D:3 |     170 |      35 |  17.1 |      20 |       1 |   4.8
        D:4 |     165 |      13 |   7.3 |      13 |       1 |   7.1
            +---------+---------+-------+---------+---------+-------
